 Dungeon Sprint DCSS version 0.19-a0-1827-g174f941 (webtiles) character file.

632 Theye the Carver (level 7, 0/75 HPs)
             Began as a Deep Dwarf Berserker on Oct 7, 2016.
             Was a Believer of Trog.
             Slain by Sonja
             ... wielding a +0 short sword of draining
              (5 damage)
             ... in the Dungeon (Sprint I: "Red Sonja").
             The game lasted 00:02:04 (283 turns).

Theye the Carver (Deep Dwarf Berserker)              Turns: 283, Time: 00:02:05

Health: 0/75       AC:  2    Str: 21    XL:     7   Next: 24%
Magic:  11/11      EV: 11    Int:  7    God:    Trog [**....]
Gold:   405        SH:  0    Dex: 14    Spells: 0 memorised, 6 levels left

rFire  . . .     SeeInvis .     a - +0 falchion
rCold  . . .     Gourm    .     b - +0 animal skin
rNeg   . . .     Faith    .     (no shield)
rPois  .         Spirit   .     (no helmet)
rElec  .         Dismiss  .     (no cloak)
rCorr  .         Reflect  .     (no gloves)
MR     +....     Harm     .     (no boots)
Stlth  +......... NoTele   +    (no amulet)
                                (no ring)
                                (no ring)

@: lethally poisoned (0 -> 0), exhausted, very slightly contaminated,
non-regenerating, hasted and slowed, very heavily drained
A: damage resistance, recharge devices, sense surroundings 1, slow regeneration
3
a: Device Recharging, Berserk, Trog's Hand, Burn Spellbooks, Renounce Religion


You were in the Dungeon.
You worshipped Trog.
Trog was pleased with you.
You were near starving.

You visited 1 branch You collected 405 gold pieces.

Inventory:

Hand Weapons
 a - a +0 falchion (weapon)
Armour
 b - a +0 animal skin (worn)
Wands
 c - a wand of heal wounds (1/9)
Scrolls
 j - a scroll of blinking
Potions
 f - a potion of heal wounds
 h - 2 potions of magic
 i - a potion of berserk rage
Comestibles
 d - 2 bread rations


   Skills:
 + Level 8.5(0.0) Fighting
 + Level 10.0(0.0) Long Blades
 + Level 5.0(0.0) Armour
 + Level 6.5(0.0) Dodging
 * Level 7.2(0.0) Evocations


You had 6 spell levels left.
You didn't know any spells.

Dungeon Overview and Level Annotations

Branches:
Dungeon (1/1)

Altars:
Cheibriados
Dithmenos
Elyvilon
Fedhas
Gozag
Hepliaklqana
Kikubaaqudgha
Makhleb
Nemelex Xobeh
Okawaru
Qazlal
Ru
Sif Muna
Trog
Uskayaw
Vehumet
Xom
Yredelemnul
Zin
The Shining One
Jiyva
Lugonu

Shops:
D }

Annotations:
D Sonja


Innate Abilities, Weirdness & Mutations

You are resistant to damage.
You can recharge devices by infusing magical energy.
You passively map a small area around you.
You do not regenerate.


Message History

You feel drained.
You miss Sonja.
Sonja is severely wounded.
Your skin stops crawling.
You feel less resistant to hostile enchantments.
Sonja hits you with an uncursed short sword of draining.
You feel drained. Sonja hits you but does no damage.
You feel drained. Sonja misses you. x2; You riposte.
You completely miss Sonja.
Sonja is severely wounded.
Sonja hits you with an uncursed short sword of draining.
* * * LOW HITPOINT WARNING * * *
You feel drained. Sonja hits you but does no damage.
You feel drained.
You miss Sonja.
Sonja is severely wounded.
Sonja says, "I'm academy-trained, you know."
Sonja hits you with an uncursed short sword of draining.
* * * LOW HITPOINT WARNING * * *
You feel drained.
Sonja hits you with an uncursed short sword of draining.
You die...

######################
#<.#..)..#..'..#__#..+
,
#..').#..').#..'^.'..#
#..#####'#####'#__####
#..####..#...#.####,,
*** #..#__####..##[#§§§
#..#_____##'#..+§§§,,
#⌠⌠#_.∩..†'.@._#§≈≈§c#,
* , ####_..__##_K#'#
+#### + , #_____###'#.#
, ####### #.### * , *
∩, $.$ , * #$.$#** * *
* ##.##* , , , , #+# ,
,


You could see Sonja.

Vanquished Creatures
  A slime creature (D)
  Sigmund (D)
  A yak (D)
  An ogre (D)
  A jelly (D)
  Ijyb (D)
6 creatures vanquished.

Vanquished Creatures (others)
  A gargoyle (D)
1 creature vanquished.

Grand Total: 7 creatures vanquished

Notes
Turn   | Place    | Note
-------+----------+-------------------------------------------
     0 | D        | Theye the Deep Dwarf Berserker began the quest for the Orb.
     0 | D        | Reached XP level 1. HP: 20/20 MP: 1/1
     2 | D        | Noticed Ijyb
    19 | D        | Killed Ijyb
    19 | D        | Reached skill level 4 in Long Blades
    19 | D        | Reached XP level 2. HP: 15/30 MP: 2/2
    23 | D        | Noticed an ogre
    27 | D        | Killed an ogre
    27 | D        | Reached skill level 5 in Fighting
    27 | D        | Reached skill level 6 in Long Blades
    27 | D        | Reached XP level 3. HP: 19/40 MP: 3/3
    27 | D        | Reached XP level 4. HP: 23/48 MP: 4/4
    42 | D        | Noticed Sigmund
    61 | D        | Killed Sigmund
    61 | D        | Reached ** piety under Trog
    61 | D        | Reached skill level 8 in Long Blades
    61 | D        | Reached skill level 5 in Dodging
    61 | D        | Reached XP level 5. HP: 33/57 MP: 4/8
    61 | D        | Reached XP level 6. HP: 38/66 MP: 4/9
    78 | D        | Found a deep blue altar of Sif Muna.
    80 | D        | Found a radiant altar of Vehumet.
    89 | D        | Reached skill level 5 in Evocations
   125 | D        | Found Aceus's Gadget Emporium.
   125 | D        | Found an ancient bone altar of Kikubaaqudgha.
   125 | D        | Found a hazy altar of Hepliaklqana.
   125 | D        | Found a stormy altar of Qazlal.
   125 | D        | Found a hide-covered altar of Uskayaw.
   125 | D        | Found a blossoming altar of Fedhas.
   125 | D        | Found a bloodstained altar of Trog.
   125 | D        | Found an iron altar of Okawaru.
   125 | D        | Found a basalt altar of Yredelemnul.
   125 | D        | Found a glowing golden altar of the Shining One.
   125 | D        | Found a snail-covered altar of Cheibriados.
   125 | D        | Found a sacrificial altar of Ru.
   125 | D        | Found a glowing silver altar of Zin.
   125 | D        | Found a shadowy altar of Dithmenos.
   125 | D        | Found a white marble altar of Elyvilon.
   125 | D        | Noticed a yak
   126 | D        | Found an opulent altar of Gozag.
   141 | D        | Killed a yak
   141 | D        | Reached skill level 9 in Long Blades
   143 | D        | Found a sparkling altar of Nemelex Xobeh.
   166 | D        | Found a burning altar of Makhleb.
   166 | D        | Found a viscous altar of Jiyva.
   166 | D        | Found a shimmering altar of Xom.
   166 | D        | Found a corrupted altar of Lugonu.
   166 | D        | Noticed a slime creature
   178 | D        | Killed a slime creature
   178 | D        | Reached *** piety under Trog
   178 | D        | Reached skill level 10 in Long Blades
   178 | D        | Reached skill level 5 in Armour
   178 | D        | Reached XP level 7. HP: 55/75 MP: 9/11
   207 | D        | Killed a gargoyle
   242 | D        | Noticed a centaur warrior
   254 | D        | Noticed Sonja
   283 | D        | Slain by Sonja

Vault maps used:
D:        dungeon_sprint_1

Skill      XL: |  1  2  3  4  5  6 |
---------------+-------------------+-----
Fighting       | 4 5 7 8 |  8.5
Long Blades    | 4 6 8 10 | 10.0
Dodging        | 3 4 5 6 |  6.5
Armour         | 3 4 5 |  5.0
Evocations     | 4 7 |  7.2

Action                   |  1- 3 |  4- 6 |  7- 9 || total
-------------------------+-------+-------+-------++-------
Melee: Falchion          |    19 |    49 |    20 ||    88
Invok: Berserk           |     1 |     1 |     1 ||     3
       Trog's Hand       |       |       |     1 ||     1
 Abil: Device Recharging |       |     1 |       ||     1
Evoke: Wand              |       |     5 |     2 ||     7
  Use: Potion            |       |       |     2 ||     2
       Scroll            |       |       |     1 ||     1
 Stab: Sleeping          |       |     1 |       ||     1
Armor: Animal skin       |     2 |       |     4 ||     6
Dodge: Dodged            |     6 |    23 |    38 ||    67
       Rpst.: Falchion   |     1 |     3 |     6 ||    10
